 Seeded DCSS version 0.30-a0-719-gcc4359ea44 (webtiles) character file.

Game seed: 5430720872467839093 (custom seed)

307 OTABOTABOTAB the Caller (level 6, -8/38 HPs)
             Began as an Octopode Summoner on Jan 26, 2023.
             Killed by divine providence
             ... invoked by an orc priest
              (12 damage)
             ... on level 4 of the Dungeon.
             The game lasted 00:08:33 (3934 turns).

OTABOTABOTAB the Caller (Octopode Summoner)         Turns: 3934, Time: 00:08:34

Health: -8/38      AC:  1    Str: 13    XL:     6   Next: 40%
Magic:  0/11       EV: 13    Int: 24    God:
Gold:   1983       SH:  7    Dex: 13    Spells: 3/12 levels left

rFire   . . .      SeeInvis .    a - +3 short sword of the Manifold Quests {flame, rElec Int+5}
rCold   + . .      Faith    .    p - +3 warlock's mirror {omnireflect}
rNeg    . . .      Spirit   .    (helmet restricted)
rPois   .          Reflect  +    (no amulet)
rElec   +          Harm     .    b - +6 ring of strength
rCorr   .          Rampage  .    C - ring of protection from cold {rC+, !d}
Will    .....                    Z - ring of wizardry {Wiz+, !d}
Stlth   +++                      (no ring)
HPRegen 0.26/turn                (no ring)
MPRegen 0.12/turn                (no ring)
                                 (no ring)
                                 (no ring)

@: no status effects
A: almost no armour, amphibious, 8 rings, camouflage 1, gelatinous body 1,
(nimble swimmer 1), tentacles
a: no special abilities


You were on level 4 of the Dungeon.
You visited 1 branch of the dungeon, and saw 4 of its levels.

You collected 1983 gold pieces.

Inventory:

Hand Weapons
 a - the +3 short sword of the Manifold Quests (weapon) {flame, rElec Int+5}
   (You found it on level 3 of the Dungeon)

   Int:       It affects your intelligence (+5).
   rElec:     It insulates you from electricity.
Missiles
 r - 5 poisoned darts
 s - 60 stones (quivered)
 u - a throwing net {!d}
Armour
 p - the +3 warlock's mirror (worn) {omnireflect}
   (You acquired it on level 2 of the Dungeon)

   Omnireflect: It can block and reflect piercing ranged attacks and magical
   attacks against the wielder's willpower.
Jewellery
 b - a +6 ring of strength (left tentacle)
   (You found it on level 1 of the Dungeon)
 C - a ring of protection from cold (right tentacle) {rC+, !d}
   (You found it on level 2 of the Dungeon)
 Z - a ring of wizardry (on tentacle) {Wiz+, !d}
   (You acquired it on level 2 of the Dungeon)
Wands
 y - a wand of mindburst (13)
   (You found it on level 3 of the Dungeon)
Scrolls
 c - a scroll of brand weapon {unknown}
 e - a scroll of torment {unknown}
 f - 3 scrolls of amnesia {unknown}
 g - 3 scrolls of identify {unknown}
 h - 2 scrolls of teleportation {unknown}
 k - 2 scrolls of noise {unknown}
 l - a scroll of fog {unknown}
 m - 2 scrolls of enchant armour {unknown}
 o - a scroll of immolation {unknown}
 v - a scroll of poison {unknown}
 w - a scroll of silence {unknown}
Potions
 d - a potion of mutation {unknown}
 i - a potion of attraction {unknown}
 j - a potion of degeneration {unknown}
 n - a potion of lignification {unknown}
 q - a potion of ambrosia {unknown}
 t - a potion of berserk rage {unknown}
 J - a potion of curing {@q1}
 M - a potion of magic


   Skills:
 + Level 1.2 Fighting
 + Level 2.5 Dodging
 - Level 2.6 Stealth
 + Level 1.2 Shields
 + Level 3.9 Spellcasting
 + Level 1.1 Hexes
 + Level 5.5 Summonings


You had 3 spell levels left.
You knew the following spells:

 Your Spells              Type           Power      Damage    Failure   Level
a - Summon Small Mammal   Summ           100%       N/A       1%          1
b - Call Canine Familiar  Summ           31%        N/A       1%          3
c - Call Imp              Summ           31%        N/A       1%          2
d - Summon Guardian Gole  Hex/Summ       20%        N/A       4%          3

Your spell library contained the following spells:

 Spells                   Type           Power      Damage    Failure   Level
 Summon Lightning Spire   Summ/Air       17%        N/A       16%         4


Dungeon Overview and Level Annotations

Branches:
Dungeon (4/15)
 Temple: D:4-7

Altars:
Okawaru

Shops:
D:2 ?

Annotations:
D:4 1 runed translucent door, hikkokomori's ghost, amateur VSFi


Innate Abilities, Weirdness & Mutations

You cannot wear most types of armour.
You are amphibious.
You can wear up to eight rings at the same time.
Your skin changes colour to match your surroundings (Stealth+).
Your rubbery body absorbs attacks. (AC +1, EV +1)
((You are camouflaged when in or above water. (Stealth+)))
You have tentacles for arms and can constrict up to eight enemies at once.


Message History

g - Guard the area. f - Follow me.
Anything else - Cancel.
You shout for attention!
You hear a shout! x3
The orc wizard gestures at you while chanting.
The puff of flame misses your quokka.
Your +3 warlock's mirror {omnireflect} reflects the puff of flame!
The puff of flame hits your quokka.
A quokka comes into view.
Your quokka disappears in a puff of smoke!
Your quokka bites the orc wizard.
Your hound bites the orc wizard but does no damage.
Your crimson imp barely misses the orc wizard.
The orc wizard hits your guardian golem but does no damage.
Your quokka closely misses the orc wizard.
Your hound closely misses the orc wizard.
The quokka bites your hound.
An orc comes into view. It is wielding a +0 club.
Your crimson imp hits the orc wizard.
Your hound misses the orc wizard. The orc wizard casts a spell at you.
The magic dart hits your guardian golem.
Your quokka bites the orc wizard.
The quokka completely misses your hound.
Your hound closely misses the orc wizard.
Your quokka barely misses the orc wizard.
The orc wizard casts a spell.
The orc wizard flickers and vanishes!
Deactivating autopickup; reactivate with Ctrl-A.
Your crimson imp blinks!
The orc hits your hound with a +0 club.
Your hound disappears in a puff of smoke!
You now have 3/11 mp.
You swap places.
The quokka twitches its whiskers.
Something hits your quokka but does no damage.
Your hound misses the quokka. Something misses your hound.
Something hits your hound.
Your hound barely misses something.
Something completely misses your hound. Something hits your hound.
The orc priest mumbles some strange prayers to Beogh against you.
Your hound completely misses something.
Something hits your hound.
The quokka bites your guardian golem but does no damage.
Your hound misses something. Something barely misses your hound.
Something hits your hound but does no damage.
The quokka bites your guardian golem but does no damage.
Your hound bites something.
Something hits your hound.
The quokka bites your guardian golem but does no damage.
Something closely misses your hound.
Your hound barely misses something.
Something barely misses your hound. Something hits your hound.
Your hound bites something.
The quokka bites your guardian golem. Something barely misses your hound.
Something hits your hound.
The orc priest mumbles some strange prayers to Beogh against you.
Beogh smites you! Something hits your hound.
You take 12 damage, and have 26/38 hp.
MASSIVE DAMAGE!!
Your quokka disappears in a puff of smoke!
Something bites your guardian golem.
Your crimson imp disappears in a puff of smoke!
Your hound bites something.
Something misses your hound.
Your hound barely misses something.
Your hound bites something.
Reactivating autopickup.
You feel a bit more experienced.
Your hound closely misses the orc priest.
The orc priest invokes the aid of Beogh against you.
Beogh smites you!
Your hound bites the orc priest.
You take 14 damage, and have 13/38 hp.
MASSIVE DAMAGE!!
What are your orders? t - Shout!
Orders for allies: a - Attack new target. r - Retreat! s - Stop attacking. g - Guard the area. f - Follow me.
Anything else - Cancel.
Gang up on whom?
Aim: an orc priest, wielding a +0 whip and wearing a +0 leather armour (lightly wounded, ally target) Attack!
Your guardian golem disappears in a puff of smoke!
The magic dart hits your hound!
Your hound dies!
Your hound's corpse disappears in a puff of smoke!
The orc priest calls down the wrath of Beogh upon you.
Beogh smites you!
* * * LOW HITPOINT WARNING * * *
You take 11 damage, and have 2/38 hp.
MASSIVE DAMAGE!!
You hear a shout!
You now have 2/11 mp.
The orc priest looks satisfied for a moment.
You swap places.
The bullfrog croaks.
The orc priest looks encouraged for a moment.
A beastly little devil appears in a puff of flame.
Your hound misses the orc priest.
The orc priest hits your hound but does no damage.
You now have 1/11 mp.
Your hound bites the orc priest.
Your hound closely misses the orc priest.
The orc priest calls down the wrath of Beogh upon you.
Beogh smites you!
You die...

#..>....<...........†....
#........................
##.#........######.###...
#.#.######.######..##...
#.#.....................
#.#..#####.########.....
#..........##...........
############..#####.....
##o.ohr.@5..[...# #.....
#..r########.#### ##...#
#.).# .....+SFS~W ###..
#...# ......###### #.
#.{h# #####....# . #.{o..
#....# #...### .....#
#.... ##....# #..)..


You could see a bullfrog, an orc priest (ally target), an orc, a quokka, a
friendly hound (summoned), a friendly crimson imp (summoned) and a friendly
quokka (summoned).

Vanquished Creatures
  An endoplasm (D:2)
1 creature vanquished.

Vanquished Creatures (collateral kills)
  A necrophage (D:2)
  An orc priest (D:3)
  2 orc wizards
  6 gnolls
  An adder (D:2)
  A worm (D:4)
  4 orcs
  3 bats
  5 endoplasms
  A giant cockroach (D:3)
  4 hobgoblins
  4 jackals (D:1)
  6 kobolds
  4 quokkas
  7 ball pythons
  2 frilled lizards
  4 goblins
  2 rats
58 creatures vanquished.

Vanquished Creatures (others)
  An adder (D:3)
  3 gnolls (D:3)
4 creatures vanquished.

Grand Total: 63 creatures vanquished

Notes
Turn   | Place    | Note
-------+----------+-------------------------------------------
     0 | D:1      | OTABOTABOTAB the Octopode Summoner began the quest for the
                  | Orb.
     0 | D:1      | Reached XP level 1. HP: 11/11 MP: 3/3
   251 | D:1      | Reached XP level 2. HP: 17/17 MP: 0/5
   370 | D:1      | Learned a level 2 spell: Call Imp
  1223 | D:1      | Reached XP level 3. HP: 21/21 MP: 1/6
  1433 | D:2      | Learned a level 3 spell: Call Canine Familiar
  1466 | D:2      | Found Doddoiw's Magic Scroll Shoppe.
  1563 | D:2      | Noticed a necrophage
  1570 | D:2      | Killed a necrophage
  1571 | D:2      | Reached skill level 3 in Spellcasting
  1571 | D:2      | Reached XP level 4. HP: 27/27 MP: 2/8
  1676 | D:2      | Reached skill level 5 in Summonings
  1858 | D:2      | Reached XP level 5. HP: 31/31 MP: 3/10
  2468 | D:2      | Identified 4 scrolls of acquirement
  2468 | D:2      | Acquired 993 gold pieces
  2470 | D:2      | Acquired 853 gold pieces
  2472 | D:2      | Acquired the +3 warlock's mirror {omnireflect}
  2472 | D:2      | Found the +3 warlock's mirror {omnireflect}
  2474 | D:2      | Acquired a ring of wizardry
  2486 | D:2      | Learned a level 3 spell: Summon Guardian Golem
  2515 | D:3      | HP: 7/31 [orc priest/divine providence (16)]
  2517 | D:3      | HP: 3/31 [something (4)]
  2537 | D:3      | HP: 4/31 [orc priest/+0 club (5)]
  2733 | D:3      | Identified the +3 short sword of the Manifold Quests
                  | {flame, rElec Int+5}
  2852 | D:3      | Reached XP level 6. HP: 26/37 MP: 5/11
  2879 | D:3      | Reached skill level 1 in Fighting
  2879 | D:3      | Reached skill level 1 in Shields
  2879 | D:3      | Reached skill level 1 in Hexes
  3223 | D:3      | Found a faded altar of an unknown god.
  3335 | D:3      | Identified the +2 robe of Binutifa {rPois Dex+5}
  3444 | D:3      | Found an iron altar of Okawaru.
  3875 | D:4      | Found a runed translucent door.
  3882 | D:4      | Noticed hikkokomori's ghost (amateur VSFi)
  3928 | D:4      | HP: 2/38 [orc priest/divine providence (11)]
  3934 | D:4      | Killed from afar by an orc priest

Illustrated notes

Levels and vault maps discovered:
D:1:      dpeg_arrival_boxes_within_box, layout_basic
D:2:      layout_loops_ring, serial_shops, shop, nicolae_kite_square_tiling_tiny
D:3:      layout_rooms, okawaru_metal_pillars_3, ebering_ecumenical_altar_rust
D:4:      layout_basic, minmay_temple_entry_overgrown, ebering_ghost_sewer_d,
          minmay_manual_monstrance, uniq_blork_the_orc

Skill      XL: |  1  2  3  4  5  6 |
---------------+-------------------+-----
Spellcasting   | 3 |  3.9
Summonings     | 5 |  5.5
Fighting       | 1 |  1.2
Shields        | 1 |  1.2
Hexes          | 1 |  1.1
Dodging        | |  2.5
Stealth        | |  2.6

Action                     |  1- 3 |  4- 6 || total
---------------------------+-------+-------++-------
  Melee: Dagger            |     1 |     6 ||     7
         Constrict         |       |     1 ||     1
         Tentacles         |       |     1 ||     1
   Cast: Summon Small Mamm |    32 |    34 ||    66
         Call Imp          |    14 |    19 ||    33
         Call Canine Famil |     1 |    17 ||    18
         Summon Guardian G |       |     5 ||     5
    Use: Scroll            |       |     4 ||     4
         Potion            |       |     2 ||     2
 Armour: Skin              |     1 |     1 ||     2
  Dodge: Dodged            |    11 |    18 ||    29
  Block: Buckler           |       |    11 ||    11
         Reflection        |       |     2 ||     2

Table legend: (Time is in decaauts)
 A = Elapsed time spent in this place.
 B = Non-inter-level travel time spent in this place.
 C = Inter-level travel time spent in this place.
 D = Time resting spent in this place.
 E = Time spent auto-exploring this place.
 F = Levels seen in this place.
 G = Mean time per level.
                   A        B        C        D        E       F      G
               +--------+--------+--------+--------+--------+-----+--------+
         Total |   3931 |   3850 |     81 |    176 |   3059 |   4 |  982.8 |
       Dungeon |   3931 |   3850 |     81 |    176 |   3059 |   4 |  982.8 |
               +--------+--------+--------+--------+--------+-----+--------+

Top non-repeatable levels by time:
     D:1: 1360 daAuts
     D:2: 1144 daAuts
     D:3: 1067 daAuts
     D:4: 358 daAuts

Table legend:
 A = Kills in this place as a percentage of kills in entire the game.
 B = Kills by you in this place as a percentage of kills by you in the entire game.
 C = Kills by friends in this place as a percentage of kills by friends in the entire game.
 D = Other kills in this place as a percentage of other kills in the entire game.
 E = Experience gained in this place as a percentage of experience gained in the entire game.
 F = Experience gained in this place divided by the number of levels of this place that you have seen.
                   A       B       C       D       E      F
               +-------+-------+-------+-------+-------+----------------------
         Total | 100.0 | 100.0 | 100.0 | 100.0 | 100.0 | 109.8
       Dungeon | 100.0 | 100.0 | 100.0 | 100.0 | 100.0 | 109.8
               +-------+-------+-------+-------+-------+----------------------
